 Dungeon Crawl Stone Soup version 0.26-a0-812-g31a745ddcd (webtiles) character file.

Game seed: 7715780359176711906

3896300 azazuza the Timeless (level 22, 148/220 HPs)
             Began as a Deep Dwarf Fighter on Nov 19, 2020.
             Was a High Priest of Cheibriados.
             Escaped with the Orb
             ... and 3 runes!
             The game lasted 00:19:06 (17541 turns).

azazuza the Timeless (Deep Dwarf Fighter)          Turns: 17541, Time: 00:19:07

Health: 148/220    AC: 53    Str: 41      XL:     22   Next: 50%
Magic:  6/6        EV: 19    Int: 28 (29) God:    Cheibriados [*****.]
Gold:   1844       SH:  0    Dex: 22      Spells: 21/21 levels left

rFire    . . .     SeeInvis .   a - +7 battleaxe (vamp)
rCold    . . .     Faith    +   (shield currently unavailable)
rNeg     + . .     Spirit   .   E - +8 orange crystal plate armour {Archmagi, Int+3 Clar}
rPois    +         Reflect  .   G - +2 hat
rElec    +         Harm     .   h - +2 cloak {rPois}
rCorr    .         Rampage  .   S - +2 pair of gloves
MR       +++..     Clarity  +   C - +2 pair of boots
Stlth    ..........             M - amulet of faith
HPRegen  0.00/turn              J - ring of Doubts {rElec AC+4 Dex-4 Stlth+}
MPRegen  0.10/turn              o - ring of poison resistance

@: non-regenerating, very slow
A: damage resistance, heal wounds, horns 1, clarity, deterioration 1, low mp 1,
negative energy resistance 1, sense surroundings 3, no regeneration
0: Orb of Zot
}: 3/15 runes: decaying, serpentine, abyssal
a: Heal Wounds, Bend Time, Temporal Distortion, Slouch, Step From Time, Renounce
Religion


You escaped.
You worshipped Cheibriados.
Cheibriados was extremely pleased with you.
You visited 6 branches of the dungeon, and saw 35 of its levels.
You visited the Abyss 1 time.
You also visited: Bailey.

You collected 3064 gold pieces.
You spent 1220 gold pieces at shops.

Inventory:

Hand Weapons
 a - a +7 vampiric battleaxe (weapon)
   (You acquired it on level 12 of the Dungeon)
 b - a +2 war axe of distortion
   (You took it off a hell knight on level 4 of the Depths)
 n - a +1 broad axe of flaming
   (You subdued it on level 1 of the Realm of Zot)
 H - a +2 broad axe of freezing
   (You acquired it on level 12 of the Dungeon)
Missiles
 d - 3 throwing nets (quivered)
Armour
 g - a +2 pair of gloves
   (You found it on level 1 of the Dungeon)
 h - a +2 cloak of poison resistance (worn)
   (You took it off Crazy Yiuf on level 4 of the Dungeon)
 C - a +2 pair of boots (worn)
   (You found it on level 2 of the Lair of Beasts)
 E - the +8 orange crystal plate armour (worn) {Archmagi, Int+3 Clar}
   (You found it in a bailey)

   It affects your intelligence (+3).
   It protects you against confusion.
 G - a +2 hat (worn)
   (You took it off Gastronok on level 11 of the Dungeon)
 N - a +2 tower shield of cold resistance
   (You took it off a daeva on level 5 of the Abyss)
 S - a +2 pair of gloves (worn)
   (You found it on level 3 of the Realm of Zot)
Jewellery
 f - the ring of the Mage {Wiz MR++ Int+3}
   (You found it on level 12 of the Dungeon)

   [ring of wizardry]

   It improves your spell success rate.
   It affects your intelligence (+3).
   It affects your resistance to hostile enchantments.
 i - an uncursed ring of see invisible
   (You took it off a hell knight on level 2 of the Depths)
 k - an uncursed ring of protection from cold
   (You found it on level 2 of the Lair of Beasts)
 o - a ring of poison resistance (right hand)
   (You found it on level 12 of the Dungeon)
 p - a +6 ring of strength
   (You found it on level 2 of the Dungeon)
 B - a +6 ring of strength
   (You found it on level 6 of the Dungeon)
 J - the ring of Doubts (left hand) {rElec AC+4 Dex-4 Stlth+}
   (You found it on level 12 of the Dungeon)

   [ring of protection]

   It affects your AC (+4).
   It affects your dexterity (-4).
   It insulates you from electricity.
   It makes you more stealthy.
 M - an amulet of faith (around neck)
   (You bought it in a shop on level 2 of the Snake Pit)
 P - the amulet "Yskiomp" {Faith +Fly rN+ Dex+3}
   (You took it off a spriggan defender on level 4 of the Depths)

   [amulet of faith]

   It allows you to gain divine favour quickly.
   It affects your dexterity (+3).
   It protects you from negative energy.
   It lets you fly.
 Q - the ring of Inite Wekhli {MR+ SInv}
   (You took it off a hell knight on level 4 of the Depths)

   [ring of see invisible]

   It affects your resistance to hostile enchantments.
   It lets you see invisible.
Wands
 s - a wand of iceblast (11)
   (You found it on level 9 of the Dungeon)
 u - a wand of disintegration (38)
   (You found it on level 5 of the Dungeon)
 v - a wand of digging (3)
   (You took it off an ogre mage on level 4 of the Depths)
 A - a wand of paralysis (14)
   (You found it on level 6 of the Dungeon)
 R - a wand of enslavement (8)
   (You found it on level 1 of the Realm of Zot)
Scrolls
 e - 3 scrolls of fear
 m - a scroll of torment
 r - 6 scrolls of identify
 z - 2 scrolls of blinking
 I - 2 scrolls of immolation
 K - a scroll of silence
 L - 6 scrolls of remove curse
 T - a scroll of vulnerability
Potions
 c - 2 potions of mutation
 j - 3 potions of attraction
 l - a potion of magic
 q - 6 potions of curing
 w - 5 potions of heal wounds
 D - a potion of flight
 F - 7 potions of lignification
 O - 2 potions of ambrosia
Miscellaneous
 x - a tin of tremorstones (2/2)
   (You bought it in a shop on level 2 of the Snake Pit)


   Skills:
 * Level 18.0 Fighting
 * Level 20.6 Axes
 * Level 21.6 Armour
 + Level 13.7 Dodging
 - Level 8.5 Shields
 * Level 23.4 Invocations


You had 21 spell levels left.
You didn't know any spells.
Your spell library was empty.

Dungeon Overview and Level Annotations

Branches:
Dungeon (15/15)            Temple (0/1) D:6            Lair (2/6) D:10
  Swamp (4/4) Lair:2        Snake (4/4) Lair:2          Orc (0/2) D:10
 Vaults (0/5) D:13         Depths (5/5) D:15            Zot (5/5) Depths:5
 Bailey (visited)

Altars:
Cheibriados
Elyvilon
Fedhas
Hepliaklqana
Okawaru
Qazlal
Ru
Vehumet
Wu Jian
Xom
Beogh

Shops:
D:6 ((   D:12 *   D:13 [   Snake:2 =}}   Depths:4 !

Portals:
Hell: Depths:2 Depths:5
Abyss: Depths:2 Depths:4
Pandemonium: Depths:5
Ziggurat: Depths:2
Trove: D:15 (give +2 shadow dragon scales)

Annotations:
D:6 Eustachio
D:8 2 runed translucent doors, qborf's ghost, novice DDNe


Innate Abilities, Weirdness & Mutations

You are resistant to damage.
You can heal yourself by infusing magical energy.
You resist negative energy. (rN+)
You passively map a large area around you.
You do not regenerate.
You have a pair of small horns on your head.
You possess an exceptional clarity of mind.
Your body sometimes deteriorates upon taking damage.
Your magical capacity is low. (-10% MP)


Message History

No target in view!
No target in view!
No target in view!
No target in view!
You feel much better. Something hits you but does no damage.
You slice something!! You headbutt something.
Something hits you but does no damage.
You slice something!! You headbutt something. Something barely misses you.
You slice something!!
Cheibriados thoroughly appreciates the change of pace.
Reactivating autopickup.
Your Fighting skill increases to level 18!
You feel a bit more experienced.
(D) Dungeon (T) Temple (L) Lair (S) Swamp (P) Snake Pit (O) Orcish Mines (V) Vaults (U) Depths (H) Hell (Z) Zot
Where to? (Enter - D:1 @ (x,y), ? - help)
There is a dry fountain here.
There is a staircase leading out of the dungeon here.
You have escaped!

* *
##........#
#.......##
##......#
#......#
#.....##
##....#
#...##
##..# ##@#
###


There were no monsters in sight!

Vanquished Creatures
  2 orbs of fire
  2 juggernauts (Depths:2)
  4 ancient liches
  Frederick (Depths:5)
  5 Killer Klowns (Zot:5)
  Vashnia (Snake:2)
  2 curse toes
  A caustic shrike (Depths:4)
  A pandemonium lord (Zot:1)
  A profane servitor (Abyss:4)
  4 golden dragons
  A bone dragon (Depths:5)
  A Brimstone Fiend (D:1)
  2 liches
  An electric golem (Zot:5)
  18 Orb Guardians
  10 tentacled monstrosities
  A titan (Depths:2)
  3 quicksilver dragons
  2 tentacled starspawn (Abyss:5)
  A death cob (Zot:1)
  An Executioner (D:12)
  A sphinx (Depths:2)
  Gastronok (D:11)
  A thorn hunter (Swamp:4)
  3 tengu reavers
  2 shadow dragons
  7 storm dragons
  7 nagarajas (Snake:4)
  14 draconian monks
  6 fire giants
  7 frost giants
  2 draconian knights
  Aizul (Snake:1)
  2 iron dragons
  A ghost moth (Zot:5)
  A daeva (Abyss:5)
  3 draconian scorchers
  A balrug (Abyss:5)
  A ghost moth (shapeshifter) (D:15)
  2 reapers (Depths:4)
  2 draconian shifters (Zot:5)
  A war gargoyle (Zot:1)
  A draconian stormcaller (Zot:5)
  3 spriggan defenders
  A vampire knight (Depths:2)
  7 stone giants
  19 very ugly things
  A draconian annihilator (Zot:5)
  Nessos (D:15)
  A lorocyproca (D:1)
  6 red draconians
  6 green draconians
  5 purple draconians
  3 white draconians
  2 bunyips
  5 black draconians
  6 spark wasps
  5 yellow draconians
  3 ettins
  4 eleionomae
  11 fire dragons
  2 yaktaur captains (Depths:5)
  Fannar (D:12)
  12 naga warriors
  4 rakshasas
  2 great orbs of eyes
  7 ice dragons
  2 centaur warriors (D:13)
  15 hydras
  3 spriggan air magi (Depths:4)
  11 anacondas
  A catoblepas (Zot:1)
  A two-headed ogre (shapeshifter) (Depths:2)
  4 dancing weapons (Zot:1)
  2 alligators
  A queen ant (Lair:2)
  17 two-headed ogres
  4 ogre magi
  A vampire mage (Depths:2)
  5 tengu warriors
  4 deep troll earth magi
  18 naga sharpshooters
  5 shock serpents
  A spriggan berserker (Depths:4)
  3 thrashing horrors (Abyss:4)
  3 deep troll shamans
  5 sun demons
  Nergalle (D:11)
  4 spriggans
  A goliath frog (Swamp:4)
  4 skeletal warriors
  3 wretched stars
  An iron troll (Depths:2)
  2 flayed ghosts
  A sea snake (shapeshifter) (Depths:2)
  9 hell knights
  A spatial maelstrom (Abyss:4)
  2 sixfirhies (Zot:1)
  4 unseen horrors
  8 deep trolls (Depths:2)
  A bog body (Swamp:1)
  6 naga ritualists
  9 swamp dragons
  2 shadow demons
  2 spriggan druids (Swamp:4)
  A glowing orange brain (D:15)
  Pikel (D:5)
  An orc knight (D:15)
  A wizard (D:13)
  5 mana vipers
  3 necromancers
  An oklob plant (Lair:2)
  5 salamanders
  A wolf spider zombie (D:13)
  3 manticores
  A worldbinder (Abyss:5)
  A cyclops (D:14)
  2 salamanders (shapeshifter)
  16 moths of wrath
  14 ugly things
  Maurice (D:9)
  4 guardian serpents
  16 black mambas
  23 naga magi
  A toenail golem (D:8)
  2 rust devils
  3 apocalypse crabs
  3 gargoyles
  A water nymph (shapeshifter) (Depths:1)
  Psyche (D:12)
  2 cane toads (Lair:1)
  An orange demon (Abyss:5)
  A yaktaur (shapeshifter) (Depths:4)
  An eye of devastation (Abyss:4)
  2 hellions
  15 yaktaurs
  4 rime drakes
  A komodo dragon (D:10)
  An efreet (Zot:1)
  2 kobold demonologists (D:12)
  A freezing wraith (D:14)
  A redback zombie (D:15)
  A hellwing (D:7)
  An ice devil (Depths:4)
  2 red devils
  A tormentor (Abyss:5)
  An ancient zyme (Abyss:5)
  A meliai (shapeshifter) (D:15)
  4 tengu conjurers
  6 hornets
  3 trolls
  3 slime creatures
  5 tyrant leeches
  A raiju (shapeshifter) (Depths:2)
  5 raiju (Abyss:5)
  A wind drake (shapeshifter) (Depths:2)
  A blink frog (Lair:2)
  25 starcursed masses
  A shadow (D:15)
  2 wraiths
  6 wyverns
  A fire bat (shapeshifter) (Depths:4)
  11 yaks
  5 small abominations
  A human (shapeshifter) (Depths:2)
  A basilisk (D:12)
  An emperor scorpion simulacrum (Abyss:4)
  2 chaos spawn
  A neqoxec (Abyss:4)
  A steam dragon (D:11)
  7 swamp worms
  12 large abominations
  A swamp worm (shapeshifter) (Depths:2)
  A warg (D:15)
  21 soldier ants
  37 nagas
  3 swamp drakes (Swamp:4)
  3 water moccasins
  3 ice beasts
  16 orc warriors
  A necrophage (D:11)
  A sky beast (D:5)
  2 black bears
  9 ogres
  5 boggarts (Depths:4)
  2 eyes of draining
  4 wolves (Lair:1)
  6 centaurs
  2 phantoms
  6 big kobolds
  15 bullfrogs
  An earth elemental (Abyss:5)
  5 scorpions
  4 wights (D:10)
  10 killer bees
  3 vampire bats (D:13)
  4 howler monkeys
  2 electric eels (Lair:2)
  2 bullfrog zombies
  A wyvern simulacrum (D:14)
  3 centaur zombies
  13 hounds
  7 jellies
  16 orc priests
  Crazy Yiuf (D:4)
  5 centaur skeletons
  6 iguanas
  Jessica (D:3)
  A bullfrog skeleton (D:12)
  16 orc wizards
  23 worker ants
  2 hound zombies (D:6)
  A hound skeleton (D:6)
  A howler monkey zombie (D:6)
  A worker ant zombie (D:5)
  18 gnolls
  8 adders
  2 shadow imps (D:6)
  2 white imps
  2 ufetubi
  2 oozes
  4 adder zombies
  3 worms
  3 dart slugs
  4 leopard geckos
  73 orcs
  3 giant cockroaches
  6 goblins
  6 hobgoblins
  2 jackals (D:2)
  6 quokkas
  2 ball pythons
  9 bats
  A frilled lizard (D:4)
  A giant cockroach zombie (D:5)
  26 kobolds
  A leopard gecko skeleton (D:5)
  4 rats
  A starspawn tentacle (Abyss:5)
1128 creatures vanquished.

Vanquished Creatures (others)
  2 fire giants
  A draconian scorcher (Zot:5)
  An eleionoma (Swamp:1)
  A naga warrior (Snake:4)
  A bloated husk (Swamp:4)
  A raiju (Abyss:5)
  A vampire (D:11)
  A spriggan (Depths:4)
  A naga (Snake:4)
  A boggart (Depths:4)
  An orc (D:15)
  3 fungi (Lair:2)
  24 plants
  3 starspawn tentacles (Abyss:5)
42 creatures vanquished.

Grand Total: 1170 creatures vanquished

Notes
Turn   | Place    | Note
-------+----------+-------------------------------------------
     0 | D:1      | azazuza the Deep Dwarf Fighter began the quest for the Orb.
     0 | D:1      | Reached XP level 1. HP: 20/20 MP: 1/1
    91 | D:1      | Reached XP level 2. HP: 27/27 MP: 2/2
   284 | D:2      | Reached XP level 3. HP: 31/34 MP: 3/3
   317 | D:2      | Found a snail-covered altar of Cheibriados.
   342 | D:2      | Became a worshipper of Cheibriados the Contemplative
   382 | D:2      | Found a faded altar of an unknown god.
   593 | D:3      | Found a shimmering altar of Xom.
   681 | D:3      | Noticed Jessica
   686 | D:3      | Killed Jessica
   686 | D:3      | Reached skill level 1 in Invocations
   686 | D:3      | Reached XP level 4. HP: 32/42 MP: 4/4
   693 | D:3      | Reached * piety under Cheibriados
   781 | D:4      | Reached skill level 2 in Invocations
   781 | D:4      | Reached XP level 5. HP: 47/50 MP: 6/6
   834 | D:4      | Reached XP level 6. HP: 13/57 MP: 8/8
   837 | D:4      | Reached skill level 3 in Invocations
   852 | D:4      | Reached ** piety under Cheibriados
   948 | D:4      | Reached XP level 7. HP: 66/66 MP: 9/9
  1011 | D:4      | Found a runed translucent door.
  1012 | D:4      | Noticed Crazy Yiuf
  1094 | D:4      | Reached skill level 4 in Invocations
  1188 | D:4      | Found a white marble altar of Elyvilon.
  1447 | D:4      | Killed Crazy Yiuf
  1447 | D:4      | Reached skill level 5 in Axes
  1539 | D:5      | Entered Level 5 of the Dungeon
  1605 | D:5      | Found an iron altar of Okawaru.
  1618 | D:5      | Got a masterwork hand axe
  1619 | D:5      | Identified the +2 hand axe of Afab {venom, rC+} (You found
                  | it on level 5 of the Dungeon)
  1641 | D:5      | Noticed Pikel
  1652 | D:5      | Killed Pikel
  1652 | D:5      | Reached skill level 5 in Fighting
  1652 | D:5      | Reached skill level 5 in Armour
  1652 | D:5      | Reached skill level 5 in Invocations
  1652 | D:5      | Reached XP level 8. HP: 47/75 MP: 9/11
  1705 | D:5      | Reached skill level 5 in Shields
  1838 | D:5      | Reached *** piety under Cheibriados
  1838 | D:5      | Reached skill level 6 in Invocations
  2097 | D:6      | Found Omorecon's Antique Weapon Shop.
  2161 | D:6      | Reached skill level 7 in Invocations
  2200 | D:6      | Gained mutation: You passively map the area around you.
                  | [Deep Dwarf growth]
  2200 | D:6      | Reached XP level 9. HP: 68/82 MP: 11/11
  2299 | D:6      | Found Ciav's Weapon Shop.
  2306 | D:6      | Reached **** piety under Cheibriados
  2561 | D:6      | Found a staircase to the Ecumenical Temple.
  2639 | D:6      | Noticed Eustachio
  2832 | D:7      | Found an ornate altar of the Wu Jian Council.
  2853 | D:7      | Found a sacrificial altar of Ru.
  3052 | D:7      | Found a snail-covered altar of Cheibriados.
  3054 | D:7      | Found a shimmering altar of Xom.
  3056 | D:7      | Found a radiant altar of Vehumet.
  3173 | D:7      | Got a steaming scale mail
  3184 | D:7      | Identified the +4 scale mail "Dugagg" {Str+2} (You found it
                  | on level 7 of the Dungeon)
  3409 | D:8      | Reached skill level 8 in Invocations
  3417 | D:8      | Found a hazy altar of Hepliaklqana.
  3774 | D:8      | Noticed a sixfirhy
  3776 | D:8      | Found a runed translucent door.
  3894 | D:8      | Found a runed translucent door.
  3896 | D:8      | Noticed qborf's ghost (novice DDNe)
  3896 | D:8      | Noticed a deep elf mage
  4187 | D:9      | Noticed a two-headed ogre
  4195 | D:9      | Killed a two-headed ogre
  4195 | D:9      | Reached skill level 9 in Invocations
  4195 | D:9      | Reached XP level 10. HP: 80/94 MP: 13/13
  4271 | D:9      | Found a stormy altar of Qazlal.
  4361 | D:9      | Reached ***** piety under Cheibriados
  4362 | D:9      | Noticed Maurice
  4376 | D:9      | Killed Maurice
  4780 | D:10     | Entered Level 10 of the Dungeon
  5061 | D:10     | Reached skill level 10 in Invocations
  5089 | D:10     | Found a staircase to the Orcish Mines.
  5307 | D:11     | Found a roughly hewn altar of Beogh.
  5326 | D:11     | Reached ****** piety under Cheibriados
  5379 | D:11     | Noticed a gargoyle
  5388 | D:11     | Killed a gargoyle
  5388 | D:11     | Reached XP level 11. HP: 74/104 MP: 12/14
  5546 | D:11     | Found a flagged portal.
  5590 | Bailey   | Entered a bailey
  5626 | Bailey   | Found the +8 orange crystal plate armour {Archmagi, Int+3
                  | Clar}
  5636 | Bailey   | Found a burning altar of Makhleb.
  5722 | D:11     | Noticed Nergalle
  5735 | D:11     | Killed Nergalle
  5735 | D:11     | Reached skill level 10 in Axes
  5735 | D:11     | Reached skill level 11 in Invocations
  5748 | D:11     | Noticed a skeletal warrior
  5748 | D:11     | Noticed a skeletal warrior
  5748 | D:11     | Noticed a skeletal warrior
  5763 | D:11     | Killed a skeletal warrior
  5769 | D:11     | Killed a skeletal warrior
  5772 | D:11     | Killed a skeletal warrior
  5776 | D:11     | Noticed Gastronok
  5797 | D:11     | Killed Gastronok
  5827 | D:11     | Noticed a green ugly thing
  5844 | D:11     | Killed a green ugly thing
  5844 | D:11     | Reached skill level 12 in Invocations
  6057 | D:12     | Got an iridescent hand axe
  6058 | D:12     | Identified the cursed +3 hand axe of Corporal Punishment
                  | {elec, *Contam rPois MP+9 Stlth+} (You found it on level 12
                  | of the Dungeon)
  6131 | D:12     | Found Piesesmi's General Store.
  6140 | D:12     | Bought a scroll of teleportation for 39 gold pieces
  6140 | D:12     | Bought a scroll of magic mapping for 45 gold pieces
  6140 | D:12     | Bought a scroll of magic mapping for 45 gold pieces
  6140 | D:12     | Bought a scroll of identify for 26 gold pieces
  6165 | D:12     | Killed an unseen horror
  6231 | D:12     | Reached XP level 12. HP: 83/116 MP: 16/16
  6266 | D:12     | Noticed Fannar
  6267 | D:12     | Noticed Psyche
  6276 | D:12     | Killed Psyche
  6277 | D:12     | Reached skill level 1 in Dodging
  6288 | D:12     | Killed Fannar
  6295 | D:12     | Identified 3 scrolls of acquirement
  6295 | D:12     | Acquired a +2 broad axe of freezing
  6297 | D:12     | Acquired a +2 vampiric battleaxe
  6299 | D:12     | Acquired a manual of Armour
  6361 | D:12     | Noticed a two-headed ogre
  6376 | D:12     | Killed a two-headed ogre
  6376 | D:12     | Reached skill level 10 in Fighting
  6432 | D:12     | Got a bound pewter ring
  6480 | D:12     | Bought a scroll of identify for 26 gold pieces
  6480 | D:12     | Bought a scroll of remove curse for 39 gold pieces
  6482 | D:12     | Identified the ring of Doubts {rElec AC+4 Dex-4 Stlth+}
                  | (You found it on level 12 of the Dungeon)
  6490 | D:12     | Gained mutation: Your magical capacity is low. (-10% MP)
                  | [mutagenic glow]
  7354 | D:12     | Noticed a fire dragon
  7365 | D:12     | Killed a fire dragon
  7376 | D:12     | Found the ring of the Mage {Wiz MR++ Int+3}
  7518 | D:10     | Reached skill level 13 in Invocations
  7598 | D:10     | Found a staircase to the Lair.
  7603 | D:10     | You fall into a shaft and drop 3 floors!
  7711 | D:13     | Reached skill level 10 in Armour
  7746 | D:13     | Noticed a centaur warrior
  7752 | D:13     | Killed a centaur warrior
  7772 | D:13     | Found a snail-covered altar of Cheibriados.
  7772 | D:13     | Found Cheibriados's Comfort Zone.
  7820 | D:13     | Noticed a centaur warrior
  7825 | D:13     | Killed a centaur warrior
  7834 | D:13     | Noticed a two-headed ogre
  7841 | D:13     | Killed a two-headed ogre
  7841 | D:13     | Reached XP level 13. HP: 124/124 MP: 15/15
  7861 | D:13     | Found a gate to the Vaults.
  7983 | Lair:1   | Entered Level 1 of the Lair of Beasts
  8320 | Lair:2   | Found a staircase to the Swamp.
  8399 | Lair:2   | Found a staircase to the Snake Pit.
  8495 | Lair:2   | Reached skill level 14 in Invocations
  8548 | Snake:1  | Entered Level 1 of the Snake Pit
  8568 | Snake:1  | Noticed Aizul
  8586 | Snake:1  | Killed Aizul
  8615 | Snake:1  | You fall into a shaft and drop 1 floor!
  8671 | Snake:2  | Reached skill level 5 in Dodging
  8769 | Snake:2  | Gained mutation: You resist negative energy. (rN+) [Deep
                  | Dwarf growth]
  8769 | Snake:2  | Reached XP level 14. HP: 113/135 MP: 3/16
  8943 | Snake:2  | Found Homaguid's Jewellery Emporium.
  8943 | Snake:2  | Found Xekhosod's Gadget Boutique.
  8944 | Snake:2  | Found Vueshr Basui's Gadget Boutique.
  8952 | Snake:2  | Bought a tin of tremorstones (2/2) for 480 gold pieces
  8954 | Snake:2  | Bought an uncursed amulet of faith for 520 gold pieces
  9006 | Snake:2  | Reached skill level 15 in Invocations
  9210 | Snake:2  | Noticed Vashnia
  9269 | Snake:2  | Killed Vashnia
  9489 | Snake:4  | Entered Level 4 of the Snake Pit
  9627 | Snake:4  | Noticed a nagaraja
  9643 | Snake:4  | Killed a nagaraja
  9954 | Snake:4  | Noticed a nagaraja
  9956 | Snake:4  | Noticed a nagaraja
  9956 | Snake:4  | Noticed a nagaraja
  9956 | Snake:4  | Noticed a nagaraja
  9967 | Snake:4  | Reached skill level 16 in Invocations
  9968 | Snake:4  | Reached skill level 15 in Armour
  9971 | Snake:4  | Killed a nagaraja
  9971 | Snake:4  | Reached XP level 15. HP: 105/146 MP: 18/18
  9973 | Snake:4  | Noticed a nagaraja
 10099 | Snake:4  | Noticed a nagaraja
 10107 | Snake:4  | Killed a nagaraja
 10120 | Snake:4  | Identified the +3 dagger "Gurun" {speed, Int+4}
 10124 | Snake:4  | Killed a nagaraja
 10379 | Snake:4  | Killed a nagaraja
 10550 | Snake:4  | Killed a nagaraja
 10573 | Snake:4  | Killed a nagaraja
 10764 | Snake:4  | Got a serpentine rune of Zot
 10768 | Snake:4  | Lost mutation: Your magical capacity is low. (-10% MP)
                  | [potion of mutation]
 10768 | Snake:4  | Gained mutation: You have a pair of small horns on your
                  | head. [potion of mutation]
 10768 | Snake:4  | Gained mutation: You possess an exceptional clarity of
                  | mind. [potion of mutation]
 11092 | Snake:1  | Found a blossoming altar of Fedhas.
 11099 | Snake:1  | Reached skill level 15 in Axes
 11099 | Snake:1  | Reached skill level 17 in Invocations
 11216 | Swamp:1  | Entered Level 1 of the Swamp
 11405 | Swamp:2  | Reached XP level 16. HP: 85/157 MP: 20/20
 11454 | Swamp:4  | Entered Level 4 of the Swamp
 11507 | Swamp:4  | Noticed a thorn hunter
 11523 | Swamp:4  | Killed a thorn hunter
 11636 | Swamp:4  | Got a decaying rune of Zot
 12486 | D:15     | Entered Level 15 of the Dungeon
 12540 | D:15     | Found a portal to a secret trove of treasure.
 12543 | D:15     | Noticed Nessos
 12574 | D:15     | Killed Nessos
 12632 | D:15     | Reached skill level 18 in Invocations
 12669 | D:15     | Found a staircase to the Depths.
 12695 | Depths:1 | Entered Level 1 of the Depths
 12818 | Depths:1 | Reached XP level 17. HP: 166/166 MP: 22/22
 12889 | Depths:2 | Found a gateway to Hell.
 12942 | Depths:2 | Noticed a lich
 12945 | Depths:2 | Noticed a golden dragon
 12956 | Depths:2 | Killed a lich
 12957 | Depths:2 | Noticed a juggernaut
 12968 | Depths:2 | Killed a golden dragon
 12970 | Depths:2 | Paralysed by a sphinx for 3 turns
 12980 | Depths:2 | Killed a juggernaut
 12987 | Depths:2 | Noticed a tentacled monstrosity
 13010 | Depths:2 | Killed a tentacled monstrosity
 13020 | Depths:2 | Reached skill level 19 in Invocations
 13040 | Depths:2 | Reached skill level 10 in Dodging
 13072 | Depths:2 | Identified the +2 leather armour of Repulsion {Dex+3}
 13119 | Depths:2 | Found a one-way gate to the infinite horrors of the Abyss.
 13152 | Depths:2 | Noticed a juggernaut
 13167 | Depths:2 | Killed a juggernaut
 13172 | Depths:2 | Noticed a tentacled monstrosity
 13177 | Depths:2 | Killed a tentacled monstrosity
 13177 | Depths:2 | Gained mutation: You passively map a large area around you.
                  | [Deep Dwarf growth]
 13177 | Depths:2 | Reached XP level 18. HP: 133/176 MP: 23/23
 13470 | Depths:2 | Noticed a tentacled monstrosity
 13476 | Depths:2 | Killed a tentacled monstrosity
 13667 | Depths:2 | Reached skill level 15 in Fighting
 13718 | Depths:2 | Found a gateway to a ziggurat.
 13992 | Depths:3 | Found a magical portal.
 14004 | Depths:3 | Reached skill level 20 in Invocations
 14107 | Depths:4 | Noticed a tentacled monstrosity
 14108 | Depths:4 | Identified the +6 shortbow of Merot {speed, *Drain rF+
                  | Int+3}
 14110 | Depths:4 | Noticed a caustic shrike
 14114 | Depths:4 | Killed a tentacled monstrosity
 14114 | Depths:4 | Identified the amulet "Yskiomp" {Faith +Fly rN+ Dex+3}
 14117 | Depths:4 | Noticed a tentacled monstrosity
 14372 | Depths:4 | Reached XP level 19. HP: 178/186 MP: 24/24
 14421 | Depths:4 | Cast into level 4 of the Abyss (unwielding a weapon of
                  | distortion)
 14544 | Abyss:4  | Found a corrupted altar of Lugonu.
 14600 | Abyss:4  | Noticed a profane servitor
 14640 | Abyss:4  | Killed a profane servitor
 14660 | Abyss:4  | Found a corrupted altar of Lugonu.
 14679 | Abyss:4  | Found a corrupted altar of Lugonu.
 14738 | Abyss:5  | Entered Level 5 of the Abyss
 14739 | Abyss:5  | Found a corrupted altar of Lugonu.
 14859 | Abyss:5  | Paralysed by accursed screaming for 1 turns
 14881 | Abyss:5  | Paralysed by accursed screaming for 1 turns
 14909 | Abyss:5  | Got an abyssal rune of Zot
 14919 | Depths:4 | Escaped the Abyss
 15040 | Depths:4 | Identified the ring of Inite Wekhli {MR+ SInv}
 15060 | Depths:4 | Killed a caustic shrike
 15076 | Depths:4 | You fall into a shaft and drop 1 floor!
 15076 | Depths:5 | Entered Level 5 of the Depths
 15077 | Depths:5 | Noticed Frederick
 15096 | Depths:5 | Found a one-way gate leading to the halls of Pandemonium.
 15098 | Depths:5 | Killed Frederick
 15129 | Depths:5 | Reached skill level 21 in Invocations
 15146 | Depths:5 | Found a gate to the Realm of Zot.
 15146 | Depths:5 | Noticed a bone dragon
 15165 | Depths:5 | Killed a bone dragon
 15190 | Zot:1    | Entered Level 1 of the Realm of Zot
 15398 | Zot:1    | Noticed a golden dragon
 15410 | Zot:1    | Killed a golden dragon
 15410 | Zot:1    | Reached XP level 20. HP: 198/198 MP: 23/23
 15592 | Zot:3    | Noticed a curse toe
 15611 | Zot:3    | Killed a curse toe
 15753 | Zot:5    | Entered Level 5 of the Realm of Zot
 15759 | Zot:5    | Noticed a golden dragon
 15765 | Zot:5    | Noticed a curse toe
 15767 | Zot:5    | Noticed an ancient lich
 15772 | Zot:5    | Noticed an ancient lich
 15773 | Zot:5    | Killed a curse toe
 15775 | Zot:5    | Noticed a Killer Klown
 15775 | Zot:5    | Noticed a Killer Klown
 15782 | Zot:5    | Noticed an ancient lich
 15783 | Zot:5    | Noticed a Killer Klown
 15784 | Zot:5    | Noticed a Killer Klown
 15785 | Zot:5    | Noticed an orb of fire
 15789 | Zot:5    | Killed an ancient lich
 15790 | Zot:5    | Killed an ancient lich
 15791 | Zot:5    | Killed an orb of fire
 15791 | Zot:5    | Killed a Killer Klown
 15791 | Zot:5    | Killed a Killer Klown
 15791 | Zot:5    | Killed an ancient lich
 15794 | Zot:5    | Reached skill level 22 in Invocations
 15818 | Zot:5    | Killed a Killer Klown
 15824 | Zot:5    | Killed a Killer Klown
 15824 | Zot:5    | Reached XP level 21. HP: 202/207 MP: 10/23
 15976 | Zot:5    | Noticed a Killer Klown
 15987 | Zot:5    | Noticed an ancient lich
 15992 | Zot:5    | Got the Orb of Zot
 16005 | Zot:5    | Killed a Killer Klown
 16036 | Zot:5    | Noticed a golden dragon
 16048 | Zot:5    | Killed a golden dragon
 16055 | Zot:5    | Killed a golden dragon
 16182 | Zot:4    | Noticed Vezas the pandemonium lord
 16381 | Zot:1    | Found a stormy altar of Qazlal.
 16381 | Zot:1    | Noticed an ancient lich
 16381 | Zot:1    | Noticed an orb of fire
 16396 | Zot:1    | Gained mutation: Your magical capacity is low. (-10% MP)
                  | [an orb of fire]
 16397 | Zot:1    | Gained mutation: Your body sometimes deteriorates upon
                  | taking damage. [an orb of fire]
 16401 | Zot:1    | Killed an orb of fire
 16408 | Zot:1    | Killed an ancient lich
 16447 | Zot:1    | Reached skill level 23 in Invocations
 16447 | Zot:1    | Reached XP level 22. HP: 218/218 MP: 5/7
 16516 | Zot:1    | Noticed Houbagoybe the pandemonium lord
 16572 | Zot:1    | Killed Houbagoybe the pandemonium lord
 16832 | Depths:4 | Found Tasask's Distillery.
 17541 | D:$      | Escaped with the Orb!

Illustrated notes

Levels and vault maps discovered:
D:1:      eino_arrival_cavern_a, layout_rooms
D:2:      layout_basic, chequers_ecumenical_altar_twisty, minivault_5,
          kennysheep_pointless_box, minmay_misc_feat_five, cheibriados_altar_1
D:3:      layout_loops_corners, serial_rivers, chequers_serial_rivers_room_b,
          chequers_serial_rivers_marsh, chequers_serial_rivers_small_3,
          chequers_serial_rivers_small_3, minmay_misc_feat_tower,
          skrybe_limestone_x, lemuel_statue_altar, uniq_natasha, uniq_jessica
D:4:      layout_rooms, old_standard_altar, uniq_crazy_yiuf_cottage
D:5:      layout_basic, okawaru_ov_weapons_minmay, fedhas_altar_fruit_tree,
          uniq_pikel
D:6:      layout_loops_ring, temple_hall, serial_shops, shop, shop,
          chequers_serial_rivers_small_3, uniq_eustachio
D:7:      layout_gridville, minitemple, nicolae_ru_path_of_blood
D:8:      cheibrodos_shockbox, layout_loops_corners,
          nicolae_overflow_crystal_walls, ebering_ghost_inner_flame,
          corexii_checkpoint_a
D:9:      layout_cave_pools, lemuel_round_altar, uniq_maurice
D:10:     layout_basic, lair_entry_dummy, hiddenorc1_lemuel
D:11:     layout_roguey [special_room_orc], enter_bailey_2, uniq_nergalle,
          uniq_gastronok
D:12:     layout_cave_pools, serial_shops, nicolae_shop_statue_plus,
          minmay_diamond_spiral, uniq_psyche, uniq_fannar
D:13:     layout_rooms, david_vaults_1, roderic_batcave, minivault_26,
          minmay_shop_chei, grunt_decor_resistance, drop_trap
D:14:     fort_yaktaur, layout_gridville, serial_park_square2,
          minmay_beelzebubs_servants
D:15:     gammafunk_enter_depths_forms, layout_loops_ring, enter_trove_0,
          hangedman_corner_corridor, uniq_roxanne, uniq_nessos, uniq_josephine
Lair:1:   layout_chaotic_city, serial_forest, infiniplex_forest_straight_5,
          infiniplex_forest_clump_medium, infiniplex_forest_lined_2,
          infiniplex_forest_lined_1, infiniplex_forest_straight_4,
          infiniplex_forest_join, infiniplex_forest_side_room,
          infiniplex_forest_lined_room_2, minmay_shattered_shrine
Lair:2:   layout_regular_city, minmay_swamp_entry_eels,
          minmay_snake_entry_guardpost_small, minivault_29
Swamp:1:  layout_basic_swamp, nicolae_swamp_dense_foliage, swamp_pool5,
          uniq_donald
Swamp:2:  gammafunk_worm_tunnel, layout_basic_swamp,
          nicolae_swamp_orc_logging_accident
Swamp:3:  gammafunk_sealed_arena, layout_basic_swamp, nicolae_swamp_triple_paths
Swamp:4:  swamp_alternative, layout_basic_swamp
Snake:1:  dpeg_oklob_gauntlet, layout_honeycomb, basic_altar, uniq_nikola,
          uniq_aizul
Snake:2:  layout_gridlike, serial_shops, shop, serial_bayou_shore_b,
          minmay_shop_grove, grunt_megastairs_3, uniq_vashnia, uniq_asterion
Snake:3:  layout_rooms, hangedman_snake_corridor_cut, grunt_megastairs_2,
          uniq_mara
Snake:4:  snake_pit, layout_basic, grunt_ministairs_14, nrook_loot_triangle,
          nicolae_snake_biting_tails
Depths:1: layout_gridlike, hell_entry, minmay_crystal_box, minmay_shoptagon
Depths:2: angbandy_vault, layout_twisted_cross, enter_ziggurat_f, abyss_entry,
          serial_bayou, serial_bayou_pond_a, serial_bayou_pond_a, hell_entry
Depths:3: minmay_connected_boxes_in_corner, layout_honeycomb,
          grunt_hell_entry_dis_old, mu_enter_wizlab_4, minmay_misc_feat_tiny,
          abyss_entry, rand_demon_pan_entry_9, infiniplex_staircase_zigzag_3,
          serial_bayou_shore_b, serial_bayou_shore_b, uniq_sojobo
Depths:4: minmay_the_grid_octo_tiled_squarecenter_mashed
          [minmay_the_grid_octo_vomiting_pacman,
          minmay_the_grid_octo_thin_diamonds, minmay_the_grid_octo_odd_swirl,
          minmay_the_grid_octo_concentric,
          minmay_the_grid_square_5x5_megaprize_open,
          minmay_the_grid_square_5x5_intrusive_squares,
          minmay_the_grid_square_5x5_eight, minmay_the_grid_square_5x5_shuriken,
          minmay_the_grid_square_5x5_two], layout_honeycomb,
          minmay_misc_feat_four_crosses, minmay_room_of_horrors, serial_shops,
          shop, hell_entry, drop_trap
Depths:5: grunt_twist_and_shout, layout_gridville, pan_entry,
          chequers_serial_rivers_micro_c, hell_entry,
          hangedman_abyss_or_decor_passed, uniq_jory, uniq_margery,
          uniq_frederick
Zot:1:    regret_index_qazlal_generations, layout_basic
Zot:2:    layout_twisted_circle
Zot:3:    layout_concentric_octagons, ebering_ghost_inner_flame,
          hangedman_player_shredder
Zot:4:    layout_basic
Zot:5:    layout_misc_corridors, st_stairs_12

Skill      XL: |  1  2  3  4  5  6  7  8  9 10 11 12 13 14 15 16 17 18 19 20 21 22 |
---------------+-------------------------------------------------------------------+-----
Fighting       | 3 4 5 6 7 8 9 10 11 12 13 14 15 16 17 18 | 18.0
Axes           | 3 4 5 6 8 9 11 12 13 14 15 16 17 18 19 20 | 20.6
Invocations    | 1 2 3 5 7 9 10 12 13 14 16 17 18 19 20 21 22 23 | 23.4
Shields        | 4 5 6 7 8 |  8.5
Armour         | 4 5 6 7 8 10 13 15 16 17 18 19 20 21 | 21.6
Dodging        | 3 5 6 8 9 10 11 12 13 | 13.7

Action                   |  1- 3 |  4- 6 |  7- 9 | 10-12 | 13-15 | 16-18 | 19-21 | 22-24 || total
-------------------------+-------+-------+-------+-------+-------+-------+-------+-------++-------
Melee: War axe           |    98 |    85 |    39 |       |       |       |       |       ||   222
       Hand axe          |       |       |   260 |   477 |       |       |       |       ||   737
       Battleaxe         |       |       |       |   101 |   805 |   921 |   881 |   298 ||  3006
       Headbutt          |       |       |       |       |    37 |   358 |   310 |    93 ||   798
Invok: Slouch            |       |       |       |     2 |     3 |     4 |    15 |     1 ||    25
       Temporal Distorti |       |       |       |     1 |       |       |       |     1 ||     2
       Step From Time    |       |       |       |       |       |     1 |     1 |       ||     2
 Abil: Heal Wounds       |     2 |     9 |     4 |    14 |    10 |    14 |    56 |    11 ||   120
Evoke: Tin of tremorston |       |       |       |       |     1 |     1 |       |       ||     2
  Use: Scroll            |       |     4 |     7 |     8 |     9 |     6 |    15 |       ||    49
       Potion            |       |       |       |    10 |     3 |     1 |     3 |       ||    17
 Stab: Invisible         |       |       |       |     6 |       |       |       |       ||     6
       Distracted        |       |       |       |     1 |       |       |       |       ||     1
Armor: Scale mail        |    46 |    67 |    32 |    74 |       |       |       |       ||   219
       Plate armour      |       |       |    46 |       |       |       |       |       ||    46
       Skin              |       |       |     1 |       |       |       |       |       ||     1
       Crystal plate arm |       |       |       |   211 |  1164 |  1509 |  1127 |   318 ||  4329
Dodge: Dodged            |    30 |    40 |    44 |   133 |   661 |  1225 |   930 |   258 ||  3321
Block: Kite shield       |    69 |   118 |   271 |   448 |       |       |       |       ||   906
       Reflection        |       |     1 |     3 |    52 |     5 |       |       |       ||    61
       Other             |       |       |       |    27 |    70 |       |       |       ||    97

Table legend: (Time is in decaauts)
 A = Elapsed time spent in this place.
 B = Non-inter-level travel time spent in this place.
 C = Inter-level travel time spent in this place.
 D = Time resting spent in this place.
 E = Time spent auto-exploring this place.
 F = Levels seen in this place.
 G = Mean time per level.
                   A        B        C        D        E       F      G
               +--------+--------+--------+--------+--------+-----+--------+
         Total |  27366 |  23034 |   4332 |    181 |  14984 |  38 |  720.2 |
       Dungeon |  14686 |  11763 |   2923 |     48 |   8982 |  15 |  979.1 |
          Lair |   1257 |    919 |    338 |      0 |    602 |   2 |  628.5 |
         Swamp |    918 |    752 |    166 |      0 |    342 |   4 |  229.5 |
     Snake Pit |   4358 |   3888 |    470 |      0 |   2850 |   4 | 1089.5 |
        Depths |   3179 |   2896 |    283 |     33 |   1563 |   5 |  635.8 |
           Zot |   2080 |   1930 |    150 |    100 |    229 |   5 |  416.0 |
         Abyss |    747 |    747 |      0 |      0 |    411 |   2 |  373.5 |
        Bailey |    138 |    138 |      0 |      0 |      5 |   1 |  138.0 |
               +--------+--------+--------+--------+--------+-----+--------+

Top non-repeatable levels by time:
 Snake:4: 2501 daAuts
Depths:2: 1815 daAuts
    D:11: 1478 daAuts
     D:8: 1425 daAuts
    D:12: 1392 daAuts
     D:6: 1371 daAuts
     D:7: 1357 daAuts
     D:9: 1212 daAuts
     D:4: 1202 daAuts
    D:10: 1171 daAuts
 Snake:2: 1139 daAuts
   Zot:1: 961 daAuts
    D:13: 945 daAuts
Depths:4: 927 daAuts
     D:2: 697 daAuts
